 Dungeon Crawl Stone Soup version 0.25.1-1-g288607f5aa (webtiles) character file.

Game seed: 15638243187393767661

192209 barcode the Phalangite (level 18, -9/133 HPs)
             Began as a Merfolk Chaos Knight on July 28, 2020.
             Was a Plaything of Xom.
             Mangled by a hornet (13 damage)
             ... created by a shambling mangrove
             ... called by a spriggan druid
             ... on level 4 of the Swamp.
             The game lasted 01:21:16 (33799 turns).

barcode the Phalangite (Merfolk Chaos Knight)      Turns: 33799, Time: 01:21:17

Health: -9/133     AC: 36    Str: 19    XL:     18   Next: 22%
Magic:  18/18      EV: 12    Int: 11    God:    Xom [.....*]
Gold:   387        SH:  0    Dex: 11    Spells: 15/17 levels left

rFire    . . .     SeeInvis .   W - +9 glaive (flame)
rCold    . . .     Gourm    .   (shield currently unavailable)
rNeg     . . .     Faith    .   m - +5 shadow dragon scales of Joubu {+Inv +Fly rPois Int-3 Stlth++++}
rPois    +         Spirit   .   i - +2 helmet {Int+3}
rElec    +         Reflect  .   K - +2 cloak
rCorr    .         Harm     .   D - +0 pair of gloves
MR       ++...                  y - +1 pair of boots
Stlth    ++........             I - amulet of the acrobat
HPRegen  0.32/turn              n - ring of protection from magic
MPRegen  0.16/turn              x - +4 ring of protection

@: cleaving
A: change form in water, swift swim, stealthy swim, thin metallic scales 1,
clumsy 1, dopey 1, frail 1, electricity resistance, wild magic 1
}: 1/15 runes: decaying
a: Renounce Religion, Evoke Invisibility, Evoke Flight


You were on level 4 of the Swamp.
You worshipped Xom.
You were Xom's teddy bear.
You were not hungry.

You visited 4 branches of the dungeon, and saw 27 of its levels.
You also visited: Ossuary and Volcano.

You collected 2937 gold pieces.
You spent 2550 gold pieces at shops.

Inventory:

Hand Weapons
 W - a +9 glaive of flaming (weapon)
Missiles
 N - 9 curare-tipped darts
 U - 8 silver javelins (quivered)
Armour
 i - a +2 helmet of intelligence (worn)
 j - the +0 kite shield of Free Expression {*Drain rC+ Str+3 Stlth+}
   (You acquired it on level 6 of the Lair of Beasts)

   It affects your strength (+3).
   It protects you from cold.
   It causes draining when unequipped.
   It makes you more stealthy.
 m - the +5 shadow dragon scales of Joubu (worn) {+Inv +Fly rPois Int-3 Stlth++++}
   (You bought it in a shop on level 2 of the Orcish Mines)

   It affects your intelligence (-3).
   It protects you from poison.
   It lets you turn invisible.
   It lets you fly.
   It makes you much more stealthy.
 y - a +1 pair of boots (worn)
 D - a +0 pair of gloves (worn)
 K - a +2 cloak (worn)
 M - the +3 chain mail of Puselep {rElec rF- rC++ Str+3}
   (You found it on level 2 of the Lair of Beasts)

   It affects your strength (+3).
   It makes you vulnerable to fire.
   It greatly protects you from cold.
   It insulates you from electricity.
 S - the +2 scale mail "Qyfranat" {rF+++ rC- Str+5}
   (You found it in a volcano)

   It affects your strength (+5).
   It renders you almost immune to fire.
   It makes you vulnerable to cold.
Jewellery
 n - a ring of protection from magic (left hand)
 x - a +4 ring of protection (right hand)
 F - an uncursed ring of protection from cold
 H - an uncursed ring of protection from fire
 I - an amulet of the acrobat (around neck)
 P - an uncursed amulet of reflection {unknown}
 T - an uncursed ring of protection from magic
Wands
 b - a wand of random effects (15)
 l - a wand of enslavement (9)
 s - a wand of flame (120)
 u - a wand of polymorph (31)
 G - a wand of paralysis (7)
 J - a wand of disintegration (23)
 L - a wand of iceblast (28)
Scrolls
 d - 4 scrolls of fog
 e - 2 scrolls of blinking
 f - a scroll of brand weapon {unknown}
 g - a scroll of enchant weapon
 h - 5 scrolls of fear
 o - 9 scrolls of teleportation
 r - 5 scrolls of amnesia
 v - 9 scrolls of remove curse
 B - a scroll of magic mapping
 Q - 3 scrolls of immolation
 V - a scroll of summoning
 Y - a scroll of identify
Potions
 a - 7 potions of haste
 p - 8 potions of flight {unknown}
 q - 2 potions of curing
 t - 5 potions of magic {unknown}
 w - 2 potions of invisibility
 z - 8 potions of mutation
 C - 5 potions of might
 E - a potion of resistance
 O - 3 potions of ambrosia {unknown}
 X - a potion of cancellation
 Z - 7 potions of brilliance
Miscellaneous
 k - a lightning rod (4/4)
 A - a tin of tremorstones (inert)
Comestibles
 c - 48 rations


   Skills:
 - Level 14.9 Fighting
   Level 12.0 Short Blades
 - Level 26.0 Polearms
 + Level 10.0 Armour
 - Level 10.0 Dodging
 - Level 6.0 Shields
 - Level 6.0 Translocations


You had 15 spell levels left.
You knew the following spells:

 Your Spells              Type           Power        Failure   Level  Hunger
l - Blink                 Tloc           N/A          43%         2    ###....

Your spell library contained the following spells:

 Spells                   Type           Power        Failure   Level  Hunger
 Apportation              Tloc           ###...       32%         1    ##.....
 Gell's Gravitas          Tloc           ###.......   65%         3    ####...
 Portal Projectile        Hex/Tloc       #.....       96%         3    ####...
 Animate Skeleton         Necr           N/A          97%         1    ##.....
 Corona                   Hex            #......      97%         1    ##.....
 Foxfire                  Conj/Fire      #...         97%         1    ##.....
 Magic Dart               Conj           #...         97%         1    ##.....
 Summon Small Mammal      Summ           #...         97%         1    ##.....
 Call Imp                 Summ           #.......     99%         2    ###....
 Ensorcelled Hibernation  Hex/Ice        #.....       99%         2    ###....
 Slow                     Hex            #.......     99%         2    ###....
 Confusing Touch          Hex            #.......     100%        3    ####...
 Conjure Flame            Conj/Fire      #.......     100%        3    ####...
 Dazzling Flash           Conj/Hex       #.....       100%        3    ####...
 Inner Flame              Hex/Fire       #.......     100%        3    ####...
 Mephitic Cloud           Conj/Pois/Air  #.......     100%        3    ####...
 Cause Fear               Hex            #.........   100%        4    #####..
 Leda's Liquefaction      Hex/Erth       #.........   100%        4    #####..
 Petrify                  Tmut/Erth      #.......     100%        4    #####..
 Bolt of Magma            Conj/Fire/Erth #.........   100%        5    ######.
 Iskenderun's Battlesphe  Conj/Chrm      #.......     100%        5    ######.
 Metabolic Englaciation   Hex/Ice        #.........   100%        5    ######.
 Yara's Violent Unravell  Hex/Tmut       #.........   100%        5    ######.
 Iron Shot                Conj/Erth      #.........   100%        6    #######
 Statue Form              Tmut/Erth      #........    100%        6    #######
 Orb of Destruction       Conj           #.........   100%        7    #######
 Spellforged Servitor     Conj/Summ      #.........   100%        7    #######
 Shatter                  Erth           #.........   100%        9    #######


Dungeon Overview and Level Annotations

Branches:
Dungeon (15/15)            Temple (0/1) D:5            Lair (6/6) D:8
  Swamp (4/4) Lair:2       Spider (0/4) Lair:4        Slime (0/5) Lair:6
    Orc (2/2) D:9             Elf (0/3) Orc:2        Vaults (0/5) D:13
 Depths (0/5) D:15        Ossuary (visited)         Volcano (visited)

Altars:
Ashenzari
Dithmenos
Elyvilon
Fedhas
Gozag
Kikubaaqudgha
Nemelex Xobeh
Okawaru
Qazlal
Sif Muna
Wu Jian
Xom
Yredelemnul
Beogh
Jiyva

Shops:
D:7 *   Orc:1 [   Orc:2 *:([

Annotations:
Lair:4 1 runed translucent door, exclusion: 4 oklob plants, Zing's ghost, journeyman MiFi
Swamp:4 exclusion: 3 oklob plants


Innate Abilities, Weirdness & Mutations

You revert to your normal form in water.
You are very nimble and swift while swimming.
You are very stealthy in the water. (Stealth+)
You are partially covered in thin metallic scales. (AC +2)
You are clumsy. (Dex -2)
You are dopey. (Int -2)
You are frail. (-10% HP)
You are resistant to electric shocks. (rElec)
Your spells are a little harder to cast, but a little more powerful.


Message History

You are no longer corroded.
The briar patch crumbles away.
The hornet completely misses you.
The shambling mangrove hits you but does no damage.
The grasping roots constrict you.
The hornet stings you but does no damage.
You slice the shambling mangrove!! You burn the shambling mangrove!
The shambling mangrove is heavily damaged.
You slash the hornet! You burn the hornet.
The briar patch crumbles away.
The hornet stings you!
* * * LOW HITPOINT WARNING * * *
You feel better.
The briar patch crumbles away.
The hornet closely misses you. The shambling mangrove hits you!
* * * LOW HITPOINT WARNING * * *
The grasping roots constrict you.
The grasping roots release their grip on you.
Okay, then.
You slash the shambling mangrove! You burn the shambling mangrove.
The shambling mangrove is severely damaged.
You miss the hornet. The hornet stings you!
You die...

#.##....♣.# #≈..≈. ≈.# #≈≈≈≈≈
##♣...##### #...≈♣.≈# ##≈≈≈≈≈
#.≈.[# ♣.≈.≈≈# ##≈≈....
####.##### ♣.≈♣ ##≈≈≈.♣♣≈
#≈≈♣#.#♣♣♣..♣ ##.≈≈.♣♣♣.
#...≈♣.≈≈≈..♣ #≈..≈♣≈♣♣≈ ..#
♣≈♣.†..♣...♣# ♣♣≈÷.≈≈...
≈..#♣##≈.♣..f)♣♣##♣♣≈..≈≈..≈≈
♣..##♣♣.≈♣y@#♣##≈......≈≈.♣≈
♣...####≈).≈# #....≈♣.♣♣≈.♣♣ ♣♣
♣♣≈≈.♣♣##.≈#♣##..≈..≈.♣♣)...
♣♣.♣♣♣..≈≈≈♣#...##♣≈..≈...≈.♣.≈..
♣..≈≈♣.....P≈P.≈.≈....♣.....≈.≈♣.
♣≈...≈.≈..P.....≈..≈≈........≈..
♣♣≈≈..≈.≈≈.≈.≈....≈.≈≈...≈≈..♣.
♣♣.♣........≈.≈.....≈≈≈.≈..♣♣♣≈≈
♣♣≈≈.≈≈..≈≈.≈.≈.≈[.≈≈[.≈..≈.♣ ♣♣.


You could see a shambling mangrove and a hornet (strong).

Vanquished Creatures
  Jorgrun (Swamp:1)
  Kirke (Lair:6)
  Roxanne (Swamp:1)
  3 thorn hunters (Swamp:4)
  Louise (Swamp:4)
  An orc warlord (Orc:2)
  2 vampire knights (Swamp:4)
  A minotaur (Lair:1)
  An ettin (D:14)
  Josephine (Orc:2)
  A fire dragon (D:14)
  A great orb of eyes (D:14)
  An ogre mage (D:15)
  A vault guard (D:13)
  Harold (D:7)
  14 hydras
  2 shambling mangroves
  A catoblepas (D:14)
  2 centaur warriors
  A ghost crab (Swamp:4)
  12 alligators
  7 two-headed ogres
  The ghost of Curus the Cleaver, a novice MiAK of Lugonu (Lair:1)
  6 death yaks
  Urug (Lair:5)
  An orc high priest (Orc:2)
  A vampire mage (D:15)
  A deep elf knight (D:15)
  6 skeletal warriors (D:15)
  A sun demon (Volcano)
  A hell knight (Volcano)
  6 spriggan druids
  3 unseen horrors
  A swamp dragon (shapeshifter) (Lair:1)
  5 flayed ghosts
  An obsidian statue (Volcano)
  A lindwurm (Lair:4)
  A deep elf archer (D:15)
  5 swamp dragons
  A phantasmal warrior (Swamp:4)
  4 spectral hydras (Swamp:4)
  6 orc knights
  Pikel (D:4)
  An orb spider (shapeshifter) (D:12)
  4 orc sorcerers
  2 oklob plants
  2 deep elf magi (D:15)
  A stone giant zombie (D:15)
  2 manticores
  A cyclops (Orc:1)
  A frost giant zombie (D:15)
  14 elephants
  16 ugly things
  A moth of wrath (D:15)
  A black mamba (Lair:3)
  2 gargoyles
  A torpor snail (Lair:6)
  27 spiny frogs
  A kobold demonologist (D:15)
  A rime drake (Lair:4)
  2 efreet
  10 komodo dragons
  3 polar bears
  2 death drake zombies (Swamp:4)
  5 trolls
  3 meliai (Lair:4)
  A jumping spider (Lair:4)
  A queen bee (Lair:4)
  A hydra zombie (Swamp:4)
  A wind drake (shapeshifter) (Lair:4)
  3 hydra skeletons (Swamp:4)
  12 slime creatures
  8 tyrant leeches
  A deep troll zombie (D:15)
  29 blink frogs
  11 hornets
  5 bog bodies
  A snapping turtle (Swamp:3)
  9 hippogriffs
  4 shadows
  2 vampires
  A redback (Lair:4)
  A fire dragon skeleton (D:15)
  2 spriggans
  4 wyverns
  8 fire bats
  A fire elemental (D:13)
  28 yaks
  A hog (Lair:6)
  4 wraiths (Orc:2)
  5 basilisks
  Grum (D:8)
  19 vampire mosquitoes
  3 hungry ghosts
  5 wargs
  Edmund (D:4)
  18 swamp worms
  2 insubstantial wisps (Swamp:4)
  2 acid dragons
  A hell hound (Volcano)
  2 hydra simulacra (Swamp:4)
  14 water moccasins
  2 porcupines
  26 orc warriors
  2 swamp dragon zombies (Swamp:4)
  4 ice beasts
  3 phantoms
  7 sky beasts
  13 swamp drakes
  3 black bears
  An eye of draining (D:14)
  10 ogres
  A necrophage (D:5)
  7 centaurs
  9 wolves
  16 crocodiles
  A swamp dragon skeleton (Swamp:4)
  3 big kobolds
  An elf zombie (Ossuary)
  29 bullfrogs
  A gnoll sergeant (Orc:2)
  2 wyvern zombies
  A wyvern skeleton (D:10)
  6 scorpions
  55 killer bees
  2 howler monkeys (D:8)
  8 wights (D:12)
  5 electric eels
  8 lava snakes (Volcano)
  8 crimson imps
  5 centaur zombies
  3 bullfrog zombies
  A jelly (D:7)
  Crazy Yiuf (D:7)
  8 hounds
  2 quasits
  3 bullfrog skeletons
  19 orc priests
  7 centaur skeletons
  Natasha (D:4)
  An iguana (D:11)
  25 orc wizards
  7 worker ants
  A big kobold zombie (Ossuary)
  2 mummies (Ossuary)
  3 hound skeletons
  8 gnolls
  20 adders
  A howler monkey skeleton (D:7)
  6 shadow imps
  5 worms
  An adder skeleton (D:6)
  2 adder zombies (Ossuary)
  A dart slug (D:1)
  3 leopard geckos
  98 orcs
  2 giant cockroaches
  3 goblins
  5 hobgoblins
  8 jackals
  21 kobolds
  4 quokkas
  13 bats
  4 frilled lizards
  2 goblin zombies (Ossuary)
  6 hobgoblin zombies (Ossuary)
  A jackal skeleton (D:4)
  3 jackal zombies
  11 kobold zombies (Ossuary)
  A leopard gecko zombie (D:6)
  4 orc zombies (Ossuary)
  7 rats
  A rat zombie (Ossuary)
  3 plants
993 creatures vanquished.

Vanquished Creatures (collateral kills)
  A swamp dragon (Swamp:4)
  3 spiny frogs (Lair:6)
  A tyrant leech (Lair:6)
  A hornet (Swamp:4)
  2 blink frogs (Lair:6)
  2 spriggans
  A wraith (Orc:2)
  A swamp drake (Swamp:2)
  A bullfrog (Lair:6)
  An electric eel (Lair:6)
  4 fungi (D:8)
18 creatures vanquished.

Vanquished Creatures (others)
  A dancing weapon (Swamp:4)
  A tyrant leech (Swamp:1)
  A spriggan (Swamp:4)
  5 humans (Lair:6)
  A vampire mosquito (Lair:6)
  A slave (D:4)
  Natasha (twice) (D:4)
  An orc wizard (Orc:2)
  An adder (D:4)
  3 gnolls (D:4)
  2 orcs
  A frilled lizard (D:4)
  2 briar patches (Swamp:4)
  20 fungi
  61 plants
  A withered plant (D:15)
104 creatures vanquished.

Grand Total: 1115 creatures vanquished

Notes
Turn   | Place    | Note
-------+----------+-------------------------------------------
     0 | D:1      | barcode the Merfolk Chaos Knight began the quest for the
                  | Orb.
     0 | D:1      | Reached XP level 1. HP: 18/18 MP: 1/1
   232 | D:1      | Reached XP level 2. HP: 25/25 MP: 2/2
   400 | D:1      | XOM: silly message
   417 | D:1      | XOM: silly message
   693 | D:2      | Found an ornate altar of the Wu Jian Council.
   697 | D:2      | XOM: confuse monster(s)
   702 | D:2      | Reached XP level 3. HP: 27/31 MP: 3/3
   862 | D:2      | Found an iron altar of Okawaru.
   864 | D:2      | XOM: confuse monster(s)
   879 | D:2      | Reached XP level 4. HP: 30/38 MP: 4/4
  1352 | D:3      | Reached skill level 5 in Short Blades
  1382 | D:3      | Reached skill level 5 in Fighting
  1383 | D:3      | Reached XP level 5. HP: 16/44 MP: 5/5
  1711 | D:3      | XOM: silly message
  2035 | D:3      | You fall into a shaft and drop 2 floors!
  2035 | D:5      | Entered Level 5 of the Dungeon
  2037 | D:5      | XOM: cast spell 'Leda's Liquefaction'
  2062 | D:5      | XOM: confuse monster(s)
  2079 | D:5      | Noticed a necrophage
  2090 | D:5      | Killed a necrophage
  2090 | D:5      | Reached XP level 6. HP: 40/51 MP: 6/6
  2453 | D:3      | Found a white marble altar of Elyvilon.
  2561 | D:4      | Noticed Edmund
  2573 | D:4      | Killed Edmund
  2573 | D:4      | Reached XP level 7. HP: 29/58 MP: 7/7
  2658 | D:4      | XOM: cloud trail
  2814 | D:4      | Noticed Pikel
  2831 | D:4      | XOM: cast spell 'Summon Small Mammal'
  2842 | D:4      | XOM: confuse monster(s)
  2843 | D:4      | Killed Pikel
  2843 | D:4      | Reached XP level 8. HP: 14/67 MP: 8/8
  2899 | D:4      | Killed Natasha
  2928 | D:4      | Noticed Natasha
  2941 | D:4      | Killed Natasha
  2983 | D:4      | Killed Natasha
  3213 | D:4      | Found a shimmering altar of Xom.
  3480 | D:4      | XOM: god gift: glowing great mace {god gift}
  3521 | D:4      | XOM: butterfly on damage
  3798 | D:4      | XOM: polymorph freed slave -> acid dragon
  3877 | D:5      | Reached skill level 10 in Short Blades
  3948 | D:5      | XOM: confuse monster(s)
  4001 | D:5      | XOM: 1-stop teleportation journey
  4064 | D:5      | XOM: 2-stop teleportation journey
  4215 | D:5      | XOM: 1-stop teleportation journey
  4340 | D:5      | XOM: noise
  4418 | D:5      | XOM: summons 2 hostile demons
  4509 | D:5      | Found a staircase to the Ecumenical Temple.
  4591 | D:6      | Reached skill level 5 in Dodging
  4710 | D:6      | Reached XP level 9. HP: 71/73 MP: 9/9
  4770 | D:6      | XOM: 1-stop teleportation journey
  4778 | D:6      | XOM: swap monsters
  4795 | D:6      | Found a sand-covered staircase.
  4800 | Ossuary  | Entered an ossuary
  4896 | Ossuary  | XOM: 10-stop teleportation journey
  5099 | D:6      | XOM: summons 2 hostile shadow creatures
  5493 | D:6      | Found a shimmering blue altar of Sif Muna.
  5519 | D:6      | XOM: summons 4 hostile shadow creatures
  5718 | D:6      | Reached skill level 10 in Dodging
  5825 | D:7      | XOM: enchant monster (bad)
  6074 | D:7      | Found Ischeufuic's Assorted Antiques.
  6128 | D:7      | XOM: silly message
  6513 | D:7      | Noticed Harold
  6513 | D:7      | Noticed a hornet
  6646 | D:7      | XOM: polymorph hound -> jelly
  6746 | D:7      | XOM is BORED!
  6755 | D:7      | Found a runed translucent door.
  6756 | D:7      | Noticed Crazy Yiuf
  6810 | D:7      | Gained mutation: Armour fits poorly on your strangely
                  | shaped body. [potion of mutation]
  6810 | D:7      | Gained mutation: You have a somewhat thin skeletal
                  | structure. (Dex +2, Stealth) [potion of mutation]
  6810 | D:7      | Gained mutation: You have supernaturally acute eyesight.
                  | (SInv) [potion of mutation]
  6813 | D:7      | Killed a hornet
  7098 | D:7      | Killed Crazy Yiuf
  7153 | D:7      | XOM: cloud trail
  7200 | D:7      | XOM: scenery: create altars
  7216 | D:7      | Killed Harold
  7216 | D:7      | Reached XP level 10. HP: 76/83 MP: 10/10
  7384 | D:8      | Reached skill level 1 in Armour
  7610 | D:8      | Noticed a two-headed ogre
  7618 | D:8      | XOM: potion effect (invisibility)
  7621 | D:8      | Killed a two-headed ogre
  7717 | D:8      | Found a staircase to the Lair.
  7718 | D:8      | Noticed an elephant
  7728 | D:8      | Killed an elephant
  7734 | D:8      | XOM: polymorph crocodile -> centaur
  7736 | D:8      | Reached skill level 5 in Armour
  7743 | D:8      | XOM: summons 8 friendly demons
  7891 | D:8      | XOM: divination: detect items
  7972 | D:8      | XOM: chaos upgrade
  8200 | D:8      | XOM: confuse monster(s)
  8205 | D:8      | Reached skill level 10 in Fighting
  8205 | D:8      | Reached XP level 11. HP: 87/90 MP: 11/11
  8291 | D:8      | XOM: confuse monster(s)
  8296 | D:8      | Noticed Grum
  8308 | D:8      | Killed Grum
  8457 | D:8      | XOM: give mutations
  8457 | D:8      | Gained mutation: You are resistant to electric shocks.
                  | (rElec) [Xom's grace]
  8457 | D:8      | Gained mutation: Your spells are a little harder to cast,
                  | but a little more powerful. [Xom's grace]
  8457 | D:8      | Gained mutation: You are partially covered in thin metallic
                  | scales. (AC +2) [Xom's grace]
  8685 | D:9      | XOM: 1-stop teleportation journey
  8723 | D:9      | XOM: cloud trail
  8741 | D:9      | Found a staircase to the Orcish Mines.
  8840 | D:9      | XOM: god gift: 41 gold pieces
  8869 | D:9      | Got a faintly glowing leather armour
  8870 | D:9      | Identified the +3 leather armour of Too Many Cooks {Str+4
                  | Stlth+} (You found it on level 9 of the Dungeon)
  9041 | D:9      | XOM: confuse monster(s)
  9054 | D:9      | XOM: give mutations
  9054 | D:9      | Gained mutation: Your body sometimes deteriorates upon
                  | taking damage. [Xom's mischief]
  9054 | D:9      | Lost mutation: Your body sometimes deteriorates upon taking
                  | damage. [Xom's mischief]
  9083 | D:9      | Found a shattered altar of Ashenzari.
  9090 | D:9      | Found a stormy altar of Qazlal.
  9091 | D:9      | Found an ancient bone altar of Kikubaaqudgha.
  9092 | D:9      | Found a sparkling altar of Nemelex Xobeh.
  9166 | D:9      | XOM: summons 1 hostile demon
  9350 | Lair:1   | Entered Level 1 of the Lair of Beasts
  9537 | Lair:1   | Found a runed translucent gate.
  9537 | Lair:1   | Found a runed translucent gate.
  9537 | Lair:1   | Found a runed translucent gate.
  9595 | Lair:1   | Noticed a glowing shapeshifter
  9595 | Lair:1   | a hippogriff changed into a glowing shapeshifter
  9595 | Lair:1   | XOM: polymorph hippogriff -> glowing shapeshifter
  9596 | Lair:1   | Noticed a swamp dragon
  9596 | Lair:1   | a glowing shapeshifter changed into a swamp dragon
  9604 | Lair:1   | Killed a swamp dragon
  9893 | Lair:1   | Noticed a minotaur
  9915 | Lair:1   | Killed a minotaur
  9921 | Lair:1   | Noticed Curus's ghost (novice MiAK)
  9939 | Lair:1   | XOM: scenery: create altars
  9956 | Lair:1   | Killed Curus's ghost
  9962 | Lair:1   | Identified the Catalogue of Torrid Bewitchment
 10011 | Lair:1   | XOM: cloud trail
 10436 | Lair:1   | XOM: 6-stop teleportation journey
 10729 | Lair:1   | XOM: smoke on damage
 10917 | Lair:2   | Reached XP level 12. HP: 105/106 MP: 12/12
 10991 | Lair:2   | Identified the +3 chain mail of Puselep {rElec rF- rC++
                  | Str+3} (You found it on level 2 of the Lair of Beasts)
 11040 | Lair:2   | XOM: silly message
 11155 | Lair:2   | Identified the +1 ring mail of Calculation {Harm rCorr}
                  | (You found it on level 2 of the Lair of Beasts)
 11176 | Lair:2   | XOM: noise
 11181 | Lair:2   | XOM: noise
 11283 | Lair:2   | XOM: scenery: 1 doors open, 1 doors close
 11310 | Lair:2   | XOM: noise
 11654 | Lair:2   | Found a staircase to the Swamp.
 12028 | Lair:2   | Reached skill level 1 in Shields
 12087 | Lair:3   | Found a dark tunnel.
 12092 | Volcano  | Entered a volcano
 12767 | Volcano  | Found a burning altar of Makhleb.
 12767 | Volcano  | Noticed a sun demon
 12779 | Volcano  | Killed a sun demon
 12779 | Volcano  | Reached skill level 5 in Shields
 12780 | Volcano  | XOM: scenery: create altars
 12781 | Volcano  | XOM: confuse monster(s)
 12811 | Volcano  | Identified the +2 scale mail "Qyfranat" {rF+++ rC- Str+5}
                  | (You found it in a volcano)
 13018 | Lair:3   | Found an ornate altar of the Wu Jian Council.
 13040 | Lair:3   | XOM: summons 2 friendly demons
 13049 | Lair:3   | XOM: silly message
 13051 | Lair:3   | Reached skill level 2 in Polearms
 13051 | Lair:3   | XOM: 1-stop teleportation journey
 13071 | Lair:3   | XOM: cloud trail
 13117 | Lair:3   | XOM: silly message
 13125 | Lair:3   | XOM: divination: magic mapping
 13197 | Lair:3   | Reached skill level 3 in Polearms
 13211 | Lair:3   | Noticed a death yak
 13257 | Lair:3   | Noticed a death yak
 13257 | Lair:3   | Noticed a death yak
 13261 | Lair:3   | XOM: cast spell 'Summon Ice Beast'
 13271 | Lair:3   | Noticed a death yak
 13279 | Lair:3   | Killed a death yak
 13279 | Lair:3   | Reached skill level 5 in Polearms
 13279 | Lair:3   | XOM: potion effect (brilliance)
 13282 | Lair:3   | XOM: potion effect (haste)
 13286 | Lair:3   | XOM: summons 1 hostile demon
 13287 | Lair:3   | Killed a death yak
 13287 | Lair:3   | Reached skill level 6 in Polearms
 13298 | Lair:3   | Killed a death yak
 13298 | Lair:3   | Reached skill level 7 in Polearms
 13306 | Lair:3   | XOM: noise
 13313 | Lair:3   | Killed a death yak
 13482 | Lair:3   | Reached skill level 8 in Polearms
 13532 | Lair:3   | XOM: draining
 13536 | Lair:3   | Reached XP level 13. HP: 113/114 MP: 13/13
 13604 | Lair:3   | Reached skill level 9 in Polearms
 14048 | Lair:4   | Found a hole to the Spider Nest.
 14050 | Lair:4   | XOM: potion effect (stabbing)
 14253 | Lair:4   | XOM: god gift: ration
 14284 | Lair:4   | XOM: summons 3 hostile demons
 14313 | Lair:4   | Reached skill level 10 in Polearms
 14333 | Lair:4   | XOM: 1-stop teleportation journey
 14694 | Lair:4   | XOM: smoke on damage
 14701 | Lair:4   | XOM: swap monsters
 14708 | Lair:4   | Reached skill level 11 in Polearms
 14767 | Lair:4   | XOM: stat loss: -1 Int (15/16)
 14854 | Lair:4   | XOM: summons 1 hostile shadow creature
 15053 | Lair:4   | XOM: enchant monster (bad)
 15074 | Lair:4   | Reached skill level 12 in Polearms
 15251 | Lair:4   | XOM: summons 9 friendly demons
 15255 | Lair:4   | XOM: confusion (+ monsters)
 15256 | Lair:4   | XOM: summons 6 hostile demons
 15322 | Lair:4   | Reached skill level 13 in Polearms
 15333 | Lair:4   | XOM: polymorph komodo dragon -> shapeshifter
 15553 | Lair:4   | Found a runed translucent door.
 15554 | Lair:4   | Found a shimmering altar of Xom.
 15554 | Lair:4   | Noticed Zing's ghost (journeyman MiFi)
 15688 | Lair:4   | XOM: silly message
 15757 | Lair:4   | XOM: enchant monster (bad)
 15769 | Lair:4   | Reached skill level 14 in Polearms
 15957 | Lair:4   | XOM: give mutation
 15957 | Lair:4   | Gained mutation: You are clumsy. (Dex -2) [Xom's mischief]
 15965 | Lair:4   | XOM: silly message
 16399 | Lair:4   | XOM: enchant monster (good)
 16701 | Lair:5   | Noticed Urug
 16707 | Lair:5   | Killed Urug
 16786 | Lair:5   | XOM: 7-stop teleportation journey
 16805 | Lair:5   | Reached skill level 15 in Polearms
 16977 | Lair:5   | XOM: 8-stop teleportation journey
 17278 | Lair:5   | XOM: 4-stop teleportation journey
 17414 | Lair:5   | XOM: potion effect (stabbing)
 17463 | Lair:5   | Identified the +3 leather armour "Fyguir" {Str+4} (You
                  | found it on level 5 of the Lair of Beasts)
 17711 | Lair:6   | Entered Level 6 of the Lair of Beasts
 17725 | Lair:6   | XOM: blink monster(s)
 17732 | Lair:6   | XOM: divine lightning
 17737 | Lair:6   | Reached skill level 16 in Polearms
 18086 | Lair:6   | Found a viscous altar of Jiyva.
 18109 | Lair:6   | Reached XP level 14. HP: 117/121 MP: 14/14
 18140 | Lair:6   | XOM: summons 2 friendly demons
 18147 | Lair:6   | XOM: cast spell 'Summon Horrible Things'
 18183 | Lair:6   | Reached skill level 17 in Polearms
 18219 | Lair:6   | Found a staircase to the Slime Pits.
 18345 | Lair:6   | Noticed Kirke
 18368 | Lair:6   | Killed Kirke
 18475 | Lair:6   | XOM: noise
 18641 | Lair:6   | XOM: 1-stop teleportation journey
 18675 | Lair:6   | XOM: summons 13 friendly demons
 18686 | Lair:6   | XOM: potion effect (experience)
 18686 | Lair:6   | Reached skill level 19 in Polearms
 18686 | Lair:6   | Reached XP level 15. HP: 75/127 MP: 15/15
 18704 | Lair:6   | XOM: potion effect (might)
 18893 | Lair:5   | XOM: scenery: create altars
 18929 | Lair:5   | XOM: god gift: 3 scrolls of random uselessness
 19079 | Lair:5   | XOM: give mutation
 19079 | Lair:5   | Gained mutation: You expend magic power (3 MP) to
                  | strengthen your wands. [Xom's grace]
 19113 | Lair:6   | Found a shadowy altar of Dithmenos.
 19282 | Lair:6   | XOM: 5-stop teleportation journey
 19323 | Lair:6   | Reached skill level 20 in Polearms
 19369 | Lair:6   | XOM: scenery: create altars
 19374 | Lair:6   | XOM: summons 4 friendly demons
 19529 | Lair:6   | XOM: polymorph spiny frog -> hornet
 19707 | Lair:6   | Noticed Sonja
 19708 | Lair:6   | Noticed Sonja
 19708 | Lair:6   | Sonja changed into Sonja the fire bat
 19711 | Lair:6   | Killed Sonja the fire bat
 19749 | Lair:6   | XOM: enchant monster (bad)
 19820 | Lair:6   | Reached skill level 21 in Polearms
 19831 | Lair:6   | Identified a scroll of acquirement
 19832 | Lair:6   | Acquired the +0 kite shield of Free Expression {*Drain rC+
                  | Str+3 Stlth+}
 19931 | Lair:6   | XOM: noise
 19969 | Lair:6   | XOM: give mutations
 19969 | Lair:6   | Lost mutation: You expend magic power (3 MP) to strengthen
                  | your wands. [Xom's mischief]
 19969 | Lair:6   | Lost mutation: You have a somewhat thin skeletal structure.
                  | (Dex +2, Stealth) [Xom's mischief]
 19969 | Lair:6   | Lost mutation: Armour fits poorly on your strangely shaped
                  | body. [Xom's mischief]
 20103 | Lair:6   | XOM: swap monsters
 20700 | Lair:4   | XOM: silly message
 20821 | D:10     | Entered Level 10 of the Dungeon
 21253 | D:11     | XOM: enchant monster (bad)
 21254 | D:11     | XOM: summons friendly quasit
 22233 | D:12     | XOM: polymorph yak -> shapeshifter
 22247 | D:12     | Reached skill level 22 in Polearms
 22267 | D:12     | XOM: 3-stop teleportation journey
 22384 | D:12     | XOM: divination: detect items
 22560 | D:12     | XOM: silly message
 22629 | D:13     | XOM: stealth player
 22662 | D:13     | XOM: enchant monster (good)
 22975 | D:13     | XOM: summons 1 hostile shadow creature
 23039 | D:13     | Reached XP level 16. HP: 134/134 MP: 16/16
 23050 | D:13     | Found a shattered altar of Ashenzari.
 23416 | D:13     | Found a gate to the Vaults.
 23428 | D:13     | XOM: cast spell 'Shadow Creatures'
 23440 | D:13     | XOM: give mutations
 23440 | D:13     | Lost mutation: You have supernaturally acute eyesight.
                  | (SInv) [Xom's mischief]
 23440 | D:13     | Gained mutation: Scrolls take you a little longer to read.
                  | [Xom's mischief]
 23440 | D:13     | Lost mutation: Scrolls take you a little longer to read.
                  | [Xom's mischief]
 23598 | D:13     | XOM: give mutations
 23598 | D:13     | Gained mutation: You are dopey. (Int -2) [Xom's mischief]
 23598 | D:13     | Gained mutation: You occasionally shout uncontrollably at
                  | your foes. [Xom's mischief]
 23598 | D:13     | Lost mutation: You occasionally shout uncontrollably at
                  | your foes. [Xom's mischief]
 23897 | D:13     | XOM: silly message
 24017 | D:14     | Learned a level 2 spell: Blink
 24063 | D:14     | Reached skill level 1 in Translocations
 24065 | D:14     | XOM: enchant monster (bad)
 24169 | D:14     | XOM: enchant monster (bad)
 24301 | D:14     | XOM: confusion
 24306 | D:14     | XOM: noise
 24319 | D:14     | XOM: confusion
 24327 | D:14     | XOM: polymorph titanic slime creature -> alligator
 24339 | D:14     | XOM: scenery: create altars
 24352 | D:14     | XOM: summons friendly crimson imp
 24396 | D:14     | Reached skill level 5 in Translocations
 24577 | D:14     | XOM: god gift: 22 stones
 25197 | D:15     | Entered Level 15 of the Dungeon
 25240 | D:15     | XOM is BORED!
 25240 | D:15     | XOM: summons 3 hostile demons
 25258 | D:15     | XOM: polymorph two-headed ogre -> slime creature
 25277 | D:15     | Reached skill level 23 in Polearms
 25646 | D:15     | XOM: summons 1 hostile shadow creature
 25731 | D:15     | XOM: divination: magic mapping
 25735 | D:15     | XOM: polymorph necromancer -> moth of wrath
 25748 | D:15     | XOM: enchant monster (good)
 25765 | D:15     | XOM: enchant monster (bad)
 25809 | D:15     | Found a staircase to the Depths.
 25922 | D:15     | XOM: 2-stop teleportation journey
 25923 | D:15     | XOM: 1-stop teleportation journey
 25930 | D:15     | XOM: smoke on damage
 25949 | D:15     | Reached skill level 24 in Polearms
 26476 | D:15     | XOM: stat loss: -1 Int (13/14)
 26860 | D:10     | XOM: divination: detect items
 26904 | Orc:1    | Entered Level 1 of the Orcish Mines
 26931 | Orc:1    | XOM: smoke on damage
 26933 | Orc:1    | XOM: cast spell 'Summon Butterflies'
 26990 | Orc:1    | XOM: noise
 27000 | Orc:1    | XOM: silly message
 27392 | Orc:1    | Found Xaitt's Armour Emporium.
 27411 | Orc:1    | XOM: chaos upgrade
 27460 | Orc:1    | XOM: 2-stop teleportation journey
 27526 | Orc:2    | Entered Level 2 of the Orcish Mines
 27774 | Orc:2    | Found a roughly hewn altar of Beogh.
 27774 | Orc:2    | Found Lesocvux's General Store.
 27774 | Orc:2    | Found Qeng's Book Shop.
 27774 | Orc:2    | XOM: 8-stop teleportation journey
 27983 | Orc:2    | XOM: destruction
 27989 | Orc:2    | XOM: enchant monster (bad)
 28005 | Orc:2    | XOM: potion effect (might)
 28034 | Orc:2    | XOM: summons friendly quasit
 28039 | Orc:2    | XOM: scenery: create altars
 28041 | Orc:2    | XOM: scenery: create altars
 28199 | Orc:2    | Reached XP level 17. HP: 130/140 MP: 17/17
 28453 | Orc:2    | Found Estrut's Antique Armour Shop.
 28455 | Orc:2    | XOM: god gift: ration
 28496 | Orc:2    | Found Paworeq's Antique Weapon Shop.
 28579 | Orc:2    | Reached skill level 25 in Polearms
 28584 | Orc:2    | Found a staircase to the Elven Halls.
 28635 | Orc:2    | XOM: summons 2 hostile demons
 28640 | Orc:2    | XOM: enchant monster (good)
 29012 | Orc:2    | Noticed Josephine
 29019 | Orc:2    | Killed Josephine
 29019 | Orc:2    | XOM: cast spell 'Summon Hydra'
 29282 | Orc:2    | Bought pitted shadow dragon scales for 2550 gold pieces
 29282 | Orc:2    | Identified the +5 shadow dragon scales of Joubu {+Inv +Fly
                  | rPois Int-3 Stlth++++} (You bought it in a shop on level 2
                  | of the Orcish Mines)
 29430 | Swamp:1  | Entered Level 1 of the Swamp
 29630 | Swamp:1  | XOM: 2-stop teleportation journey
 29635 | Swamp:1  | XOM: confusion (+ monsters)
 29693 | Swamp:1  | XOM: stat loss: -1 Int (10/11)
 29806 | Swamp:1  | XOM is BORED!
 29806 | Swamp:1  | XOM: summons 1 hostile demon
 29810 | Swamp:1  | Noticed Jorgrun
 29813 | Swamp:1  | XOM: enchant monster (bad)
 29822 | Swamp:1  | Killed Jorgrun
 30025 | Swamp:1  | XOM: divination: detect items
 30071 | Swamp:1  | Noticed Roxanne
 30077 | Swamp:1  | XOM: enchant monster (good)
 30098 | Swamp:1  | Killed Roxanne
 30098 | Swamp:1  | Reached skill level 26 in Polearms
 30418 | Swamp:2  | XOM: cast spell 'Summon Ice Beast'
 30660 | Swamp:2  | XOM: cast spell 'Summon Mana Viper'
 30845 | Swamp:2  | XOM: 4-stop teleportation journey
 31053 | Swamp:3  | Found an opulent altar of Gozag.
 31110 | Swamp:3  | XOM: polymorph alligator -> snapping turtle
 31241 | Swamp:3  | XOM: god gift: 22 gold pieces
 31347 | Swamp:3  | XOM: noise
 31408 | Swamp:3  | XOM: cloud trail
 31485 | Swamp:3  | XOM: swap monsters
 31634 | Swamp:3  | XOM: 3-stop teleportation journey
 31908 | Swamp:4  | Entered Level 4 of the Swamp
 32125 | Swamp:4  | XOM: summons friendly quasit
 32127 | Swamp:4  | XOM: enchant monster (good)
 32130 | Swamp:4  | Noticed Louise
 32144 | Swamp:4  | XOM: blink monster(s)
 32150 | Swamp:4  | XOM: polymorph swamp drake -> sky beast
 32153 | Swamp:4  | XOM: confusion (+ monsters)
 32187 | Swamp:4  | Killed Louise
 32201 | Swamp:4  | XOM: swap monsters
 32433 | Swamp:3  | XOM: summons 9 hostile demons
 32665 | Swamp:4  | XOM: silly message
 32710 | Swamp:4  | XOM: give mutation
 32710 | Swamp:4  | Gained mutation: You are frail. (-10% HP) [Xom's mischief]
 32736 | Swamp:4  | XOM: torment (56/126 hp)
 32795 | Swamp:4  | XOM: blink monster(s)
 32798 | Swamp:4  | XOM: enchant monster (good)
 32802 | Swamp:4  | HP: 1/126 [shambling mangrove (15)]
 32802 | Swamp:4  | XOM: smoke on damage
 32806 | Swamp:4  | Reached XP level 18. HP: 30/133 MP: 18/18
 33132 | Swamp:3  | XOM: summons 10 hostile demons
 33226 | Swamp:4  | XOM: summons 10 hostile demons
 33336 | Swamp:4  | XOM: noise
 33338 | Swamp:4  | XOM: cast spell 'Olgreb's Toxic Radiance'
 33340 | Swamp:4  | XOM: swap monsters
 33436 | Swamp:4  | XOM: confusion
 33447 | Swamp:4  | XOM: summons friendly white imp
 33449 | Swamp:4  | XOM: enchant monster (good)
 33458 | Swamp:4  | Found a basalt altar of Yredelemnul.
 33458 | Swamp:4  | XOM: swap monsters
 33697 | Swamp:4  | Got a decaying rune of Zot
 33773 | Swamp:4  | Found a blossoming altar of Fedhas.
 33776 | Swamp:4  | XOM: divination: detect creatures
 33788 | Swamp:4  | XOM: cleaving
 33791 | Swamp:4  | Reached skill level 10 in Armour
 33797 | Swamp:4  | HP: 4/133 [hornet[a spriggan druid] (11)]
 33799 | Swamp:4  | Mangled by a hornet

Illustrated notes

Levels and vault maps discovered:
D:1:      dpeg_arrival_pits, layout_loops_ring, minmay_misc_feat_pillars
D:2:      layout_rooms, overflow_temple_1_default, first_ration,
          okawaru_altar_gauntlet_db
D:3:      layout_loops_ring, elyvilon_altar_4
D:4:      cheibrodos_pilgrimage, layout_cave_pools, xom_teletrap_fun,
          serial_forest, infiniplex_forest_lined_2,
          infiniplex_forest_clump_tiny, infiniplex_forest_lined_room_3,
          infiniplex_forest_clump_large, infiniplex_forest_end_2,
          infiniplex_forest_straight_1, infiniplex_forest_clump_C, uniq_pikel,
          uniq_natasha, uniq_edmund
D:5:      layout_loops_ring, minmay_temple_entry_enclosed_plants
D:6:      layout_rooms, led_sif_pool, nicolae_ossuary_entry_false_entrances,
          minmay_starry_boxes
D:7:      layout_loops_cross, serial_shops, shop, uniq_crazy_yiuf_cottage,
          uniq_harold
D:8:      layout_basic, david_lair_generic, uniq_grum
D:9:      layout_big_octagon, minitemple, orc_0_dummy, blue_anna_alchemist
          [blue_anna_fruit_fields, blue_anna_fruit_fields]
D:10:     layout_rooms
D:11:     layout_roguey, eino_jars
D:12:     layout_gridville
D:13:     layout_long_grid, david_vaults_5, kennysheep_small_spiral,
          st_stairs_6, evilmike_ruin_ashenzari
D:14:     layout_basic, minmay_misc_feat_secret_circle
D:15:     gammafunk_depths_entry_grave, layout_basic, glass_columns_c
Lair:1:   layout_misc_corridors, maelrawn_ghost_gauntlet_escape, disabler_island
Lair:2:   layout_roguey, minmay_swamp_entry_worms,
          chequers_serial_rivers_room_a, grunt_megastairs_3,
          minmay_lair_oklob_chamber
Lair:3:   layout_roguey, basic_altar, nicolae_volcano_entry_s_turn
Lair:4:   hangedman_what_comes_after_a, layout_layer_cave, spider_nest_entry_a,
          ebering_ghost_xom, lemuel_fruit_fields
Lair:5:   layout_cave_pods, infiniplex_staircase_pool, uniq_urug
Lair:6:   minmay_lair_end_frog_pond, layout_cave_pods, slime_altar_1,
          basic_altar, uniq_sonja, uniq_kirke
Swamp:1:  layout_basic_swamp, evilmike_swamp_ruin_house_5, uniq_roxanne,
          uniq_jorgrun
Swamp:2:  layout_basic_swamp, serial_swamp_ruin, evilmike_swamp_ruin_house_4,
          evilmike_swamp_ruin_house_2, evilmike_swamp_ruin_house_1, swamp_pool2
Swamp:3:  layout_basic_swamp, basic_altar
Swamp:4:  byrel_swamp_growth_death_and_undeath, layout_basic_swamp, swamp_pool4,
          uniq_louise
Orc:1:    layout_diamond_mine, serial_shops, shop, mines_bat_river
Orc:2:    grunt_orc_cross, layout_diamond_mine, sword_in_stone, uniq_josephine

Skill      XL: |  1  2  3  4  5  6  7  8  9 10 11 12 13 14 15 16 17 18 |
---------------+-------------------------------------------------------+-----
Fighting       | 4 5 6 7 9 10 13 14 | 14.9
Short Blades   | 4 5 6 7 9 10 12 | 12.0
Dodging        | 6 10 | 10.0
Armour         | 5 8 10 | 10.0
Shields        | 6 |  6.0
Polearms       | 8 16 19 22 24 26 | 26.0
Translocations | 6 |  6.0

Action                   |  1- 3 |  4- 6 |  7- 9 | 10-12 | 13-15 | 16-18 || total
-------------------------+-------+-------+-------+-------+-------+-------++-------
Melee: Short sword       |    73 |   134 |   516 |   677 |   452 |       ||  1852
       Tailslap          |       |       |       |     3 |    13 |    18 ||    34
       Glaive            |       |       |       |       |   637 |  1268 ||  1905
Throw: Javelin           |       |     5 |     9 |    11 |    16 |    12 ||    53
       Throwing net      |       |     1 |       |     2 |     1 |       ||     4
 Cast: Blink             |       |       |       |       |       |     1 ||     1
Evoke: Wand              |       |       |     9 |    26 |     4 |    20 ||    59
       Tin of tremorston |       |       |       |       |     2 |     6 ||     8
  Use: Scroll            |       |       |    10 |     6 |    23 |     8 ||    47
       Potion            |       |       |     3 |     1 |     2 |     8 ||    14
 Stab: Confused          |     2 |     1 |     1 |     3 |       |     1 ||     8
       Sleeping          |     1 |       |       |     7 |     3 |     4 ||    15
       Held in net/web   |       |     1 |       |     2 |     2 |       ||     5
       Invisible         |       |       |       |    16 |       |       ||    16
       Distracted        |       |       |       |     2 |     7 |     2 ||    11
       Petrified         |       |       |       |       |     2 |       ||     2
       Paralysed         |       |       |       |       |       |     1 ||     1
  Eat: Chunk             |       |     5 |    15 |    13 |    31 |    28 ||    92
       Ration            |       |       |       |     2 |       |     3 ||     5
Armor: Leather armour    |    31 |    48 |    81 |    78 |    83 |       ||   321
       Ring mail         |       |       |       |    44 |   162 |   196 ||   402
       Shadow dragon sca |       |       |       |       |       |   394 ||   394
Dodge: Dodged            |    56 |    86 |   205 |   342 |   576 |   561 ||  1826
Block: Kite shield       |       |       |       |    17 |   192 |       ||   209
